 Dungeon Crawl Stone Soup version 0.22-a0-596-gfbd32a6 (webtiles) character file.

111 wellist the Skirmisher (level 4, 0/41 HPs)
             Began as a Hill Orc Abyssal Knight on July 5, 2018.
             Was a Believer of Lugonu.
             Slain by Natasha (7 damage)
             ... on level 3 of the Dungeon.
             The game lasted 00:12:20 (3317 turns).

wellist the Skirmisher (Hill Orc Abyssal Knight)    Turns: 3317, Time: 00:12:21

Health: 0/41       AC:  7    Str: 15    XL:     4   Next: 92%
Magic:  5/6        EV: 18    Int: 12    God:    Lugonu [**....]
Gold:   127        SH:  0    Dex: 10    Spells: 3/3 levels left

rFire    + + .     SeeInvis .   (weapon currently unavailable)
rCold    + + .     Gourm    .   (shield currently unavailable)
rNeg     + + +     Faith    .   (armour currently unavailable)
rPois    ∞         Spirit   .   (helmet currently unavailable)
rElec    +         Reflect  .   (cloak currently unavailable)
rCorr    +         Harm     .   (gloves currently unavailable)
MR       .....                  (boots currently unavailable)
Stlth    +.........             (amulet currently unavailable)
HPRegen  0.13/turn              (ring currently unavailable)
MPRegen  0.10/turn              (ring currently unavailable)

@: wisp-form, flying, slowed, slow
A: tiny
a: Depart the Abyss, Bend Space, Renounce Religion


You were on level 3 of the Dungeon.
You worshipped Lugonu.
Lugonu was pleased with you.
You were not hungry.
You were an insubstantial wisp.
You visited 1 branch of the dungeon, and saw 3 of its levels.
You visited the Abyss 1 time.

You collected 127 gold pieces.

Inventory:

Hand Weapons
 a - a +1 hand axe (melded)
Missiles
 n - 50 stones (quivered)
Armour
 b - a +0 leather armour
 f - a +0 ring mail (melded)
 i - a +0 pair of gloves (melded)
Jewellery
 q - an uncursed amulet of harm {unknown}
 r - a +2 ring of intelligence {unknown}
 x - a +2 ring of slaying {unknown}
Scrolls
 g - 4 scrolls of identify {unknown}
 h - 2 scrolls of teleportation {unknown}
 k - a scroll of blinking {unknown}
 t - a scroll of noise {unknown}
 v - a scroll of fog {unknown}
 w - a scroll of enchant armour {unknown}
Potions
 d - 3 potions of haste {unknown}
 e - a potion of flight {unknown}
 j - 2 potions of mutation {unknown}
 l - a potion of degeneration {unknown}
 m - 2 potions of heal wounds {unknown}
 o - a potion of agility {unknown}
 p - a potion of lignification {unknown}
 s - a potion of brilliance {unknown}
 u - a potion of invisibility {unknown}
Comestibles
 c - 7 rations


   Skills:
 * Level 4.5 Fighting
 * Level 4.0 Axes
 * Level 3.2 Armour
 - Level 0.7 Dodging
 * Level 3.8 Invocations


You had 3 spell levels left.
You didn't know any spells.
Your spell library was empty.

Dungeon Overview and Level Annotations

Branches:
Dungeon (3/15)

Altars:
Ashenzari
Yredelemnul
The Shining One

Annotations:
D:3 Natasha


Message History

You hit the iron imp.
The iron imp is heavily wounded.
The iron imp misses you. The iron imp barely misses you.
You hit the iron imp but do no damage.
The iron imp is heavily wounded.
The crimson imp lashes its tail.
Natasha mumbles some strange words.
The iron imp closely misses you.
You hit the iron imp.
The iron imp is almost dead.
The iron imp disappears in a puff of smoke!
Natasha stares at you and mumbles some strange words.
The magic dart hits you!
* * * LOW HITPOINT WARNING * * *
Natasha zaps a wand.
You turn into an insubstantial wisp.
Your +1 hand axe melds into your body.
Your +0 pair of gloves melds into your body.
Your +0 ring mail melds into your body.
Natasha claws you!
You die...

##.# #.# #.# #.#
####### #.# #
#.......#.## # #.#
#....######
######.#####......)...
#....vh55.##....######
.....#.##.##.##.#### #
##. ... #.......# #
#### ####.#### ##
#.##### #. #####.....#
#. #...###...# #.
######.......#.#### #.
#........###......####.


You could see Natasha, a crimson imp and a shadow imp.

Vanquished Creatures
  5 adders
  2 worms
  A dart slug (D:1)
  3 leopard geckos
  An orc (D:3)
  2 giant cockroaches
  8 goblins
  3 hobgoblins
  A ball python (D:2)
  6 bats
  3 frilled lizards
  13 kobolds
  6 rats (D:1)
  A plant (D:2)
55 creatures vanquished.

Notes
Turn   | Place    | Note
-------+----------+-------------------------------------------
     0 | Abyss:1  | wellist the Hill Orc Abyssal Knight began the quest for the Orb.
     0 | Abyss:1  | Reached XP level 1. HP: 19/19 MP: 2/2
    24 | D:1      | Escaped the Abyss
   234 | D:1      | Reached * piety under Lugonu
   234 | D:1      | Reached XP level 2. HP: 23/27 MP: 4/4
   619 | D:1      | Reached XP level 3. HP: 33/33 MP: 5/5
   871 | D:2      | Found a glowing golden altar of the Shining One.
  1410 | D:2      | Found a shattered altar of Ashenzari.
  1411 | D:2      | Found a basalt altar of Yredelemnul.
  1633 | D:2      | Reached XP level 4. HP: 30/40 MP: 6/6
  2662 | D:3      | Reached ** piety under Lugonu
  3287 | D:3      | Noticed Natasha
  3317 | D:3      | Slain by Natasha

Vault maps used:
D:1:      dpeg_arrival_rooms_with_view
D:2:      old_standard_altar, chequers_temple_overflow_statue_of_worship,
          serial_bayou, serial_bayou_shore_b, serial_bayou_shore_a,
          serial_bayou_pond_b, serial_bayou_lagoon_a
D:3:      uniq_natasha

Skill      XL: |  1  2  3  4 |
---------------+-------------+-----
Axes           | 3 4 |  4.0
Invocations    | 3 |  3.8
Fighting       | 4 |  4.5
Armour         | 3 |  3.2
Dodging        | |  0.7

Action                   |  1- 3 |  4- 6 || total
-------------------------+-------+-------++-------
Melee: Hand axe          |   129 |   211 ||   340
Throw: Stone             |     7 |    16 ||    23
Invok: Depart the Abyss  |     1 |       ||     1
       Bend Space        |       |     3 ||     3
 Stab: Sleeping          |     1 |       ||     1
  Eat: Chunk             |     2 |     6 ||     8
Armor: Leather armour    |    30 |     7 ||    37
       Skin              |       |    26 ||    26
       Ring mail         |       |    25 ||    25
Dodge: Dodged            |    84 |    49 ||   133

Table legend:
 A = Spawn XP
 B = Non-spawn XP
 C = Spawn XP percentage of total XP
 D = Spawn monster count
 E = Non-spawn monster count
 F = Spawn count percentage of total count
 G = Total turns spent on level
                    A         B        C        D         E        F      G
               +---------+---------+-------+---------+---------+-------+---------
         Total |       0 |     159 |   0.0 |       0 |      54 |   0.0 |  3317
               +---------+---------+-------+---------+---------+-------+---------
           D:1 |       0 |      42 |   0.0 |       0 |      26 |   0.0 |   927
           D:2 |       0 |      72 |   0.0 |       0 |      18 |   0.0 |  1627
           D:3 |       0 |      45 |   0.0 |       0 |      10 |   0.0 |   739
               +---------+---------+-------+---------+---------+-------+---------
